[Event "Denmark Team Championship 2022"]
[Site "Denmark"]
[Date "2022.10.29"]
[Round "1.1"]
[White "Svane, Rasmus"]
[Black "Nielsen, Viktor Haarmark"]
[Result "1-0"]
[ECO "A05"]
[WhiteElo "2615"]
[BlackElo "2384"]
[Annotator "ChessBase"]
[PlyCount "55"]
[EventDate "2022.10.29"]
[EventType "team-tourn"]
[EventCountry "DEN"]
[SourceTitle "playchess.com"]
[Source "ChessBase"]
[SourceQuality "1"]
[TimeControl "40/5400+30:1800+30"]

1. Nf3 Nf6 2. c4 g6 3. Nc3 Bg7 4. e4 e5 5. Nxe5 O-O 6. Nf3 Re8 7. Bd3 Nxe4 8. Bxe4 Bxc3 9. dxc3 Rxe4+ 10. Be3 Nc6 11. Qd5 Re8 12. O-O-O d6 13. Bg5 Qd7 14. Rhe1 Re6 15. Nd2 f5 16. Nf3 Qf7 17. Bf4 Re7 18. Rxe7 Nxe7 19. Qxf7+ Kxf7 20. c5 dxc5 21. Ng5+ Kg7 22. Be5+ Kh6 23. f4 Nc6 24. Bf6 a5 25. Rd3 Kh5 26. Rh3+ Kg4 27. g3 h6 28. Rh4# 1-0

[Event "Denmark Team Championship 2022"]
[Site "Denmark"]
[Date "2022.10.29"]
[Round "1.1"]
[White "Neiksans, Arturs"]
[Black "Hector, Jonny"]
[Result "1-0"]
[ECO "A06"]
[WhiteElo "2594"]
[BlackElo "2454"]
[Annotator "ChessBase"]
[PlyCount "59"]
[EventDate "2022.10.29"]
[EventType "team-tourn"]
[EventCountry "DEN"]
[SourceTitle "playchess.com"]
[Source "ChessBase"]
[SourceQuality "1"]
[TimeControl "40/5400+30:1800+30"]

1. Nf3 d5 2. g3 Nc6 3. d4 Bf5 4. Bg2 Nb4 5. Na3 e6 6. c3 Nc6 7. Nc2 h5 8. Ne3 Be4 9. Qb3 Rb8 10. Ne5 Bxg2 11. Nxg2 Nge7 12. Nxc6 Nxc6 13. Qc2 g6 14. Bf4 Bg7 15. e4 g5 16. Bd2 h4 17. gxh4 gxh4 18. Rg1 Bh6 19. Bxh6 Rxh6 20. Ne3 Ne7 21. O-O-O c6 22. Ng4 Rg6 23. Ne5 Rxg1 24. Rxg1 f6 25. Ng4 f5 26. Ne5 Qa5 27. exf5 exf5 28. Qe2 Kd8 29. Rg7 Qc7 30. Qh5 1-0

[Event "Denmark Team Championship 2022"]
[Site "Denmark"]
[Date "2022.10.29"]
[Round "1.1"]
[White "Hillarp Persson, Tiger"]
[Black "Petersen, Tom Petri"]
[Result "1-0"]
[ECO "B06"]
[WhiteElo "2511"]
[BlackElo "2300"]
[Annotator "ChessBase"]
[PlyCount "69"]
[EventDate "2022.10.29"]
[EventType "team-tourn"]
[EventCountry "DEN"]
[SourceTitle "playchess.com"]
[Source "ChessBase"]
[SourceQuality "1"]
[TimeControl "40/5400+30:1800+30"]

1. e4 g6 2. d4 Bg7 3. Nc3 a6 4. Be3 d6 5. h4 h5 6. Qd2 Nf6 7. f3 c6 8. a4 d5 9. e5 Ng8 10. a5 Bf5 11. Nge2 e6 12. Na4 Nd7 13. b4 b5 14. axb6 Nxb6 15. Nxb6 Qxb6 16. Nc1 f6 17. exf6 Nxf6 18. Nb3 Nd7 19. c3 O-O 20. Be2 Qd8 21. Bg5 Qb6 22. Be3 Qd8 23. Rxa6 Rxa6 24. Bxa6 e5 25. Be2 e4 26. Bg5 Qc7 27. O-O Re8 28. fxe4 dxe4 29. Bxh5 e3 30. Bxe3 Nf6 31. Rxf5 gxh5 32. Nc5 Ng4 33. Qa2+ Kh7 34. Rxh5+ Bh6 35. Qc2+ 1-0

[Event "Denmark Team Championship 2022"]
[Site "Denmark"]
[Date "2022.10.29"]
[Round "1.1"]
[White "Ochsner, Bjorn Moller"]
[Black "Mikkelsen, Nikolaj"]
[Result "1/2-1/2"]
[ECO "C72"]
[WhiteElo "2504"]
[BlackElo "2475"]
[Annotator "ChessBase"]
[PlyCount "123"]
[EventDate "2022.10.29"]
[EventType "team-tourn"]
[EventCountry "DEN"]
[SourceTitle "playchess.com"]
[Source "ChessBase"]
[SourceQuality "1"]
[TimeControl "40/5400+30:1800+30"]

1. e4 e5 2. Nf3 Nc6 3. Bb5 a6 4. Ba4 d6 5. O-O Bd7 6. c3 g6 7. d4 Bg7 8. h3 Nf6 9. Re1 O-O 10. Bc2 Nh5 11. Be3 Kh8 12. Nbd2 Qe8 13. a4 f5 14. dxe5 f4 15. Bd4 dxe5 16. Bc5 Rf6 17. a5 g5 18. Nh2 Bf8 19. Bxf8 Rxf8 20. Ndf3 Rd8 21. Qe2 Nf6 22. Red1 Qh5 23. Rd2 g4 24. hxg4 Nxg4 25. Rad1 Be6 26. Rxd8 Nxd8 27. Nxg4 Qxg4 28. Rd2 Nf7 29. Qd1 Rg8 30. Ne1 Qg6 31. f3 Qg3 32. Kf1 Bc4+ 33. Bd3 Nd6 34. b3 Be6 35. Bc2 Nf7 36. b4 Bc4+ 37. Bd3 Nd6 38. Qe2 Be6 39. c4 Nf7 40. Qf2 Qg5 41. Qc5 Qd8 42. Rd1 Qd6 43. Qxd6 cxd6 44. Rc1 Rc8 45. Ke2 Kg7 46. Kd2 Kf6 47. Rc3 Nd8 48. b5 Bf7 49. Bf1 Ne6 50. Nd3 Nc5 51. Nxc5 Rxc5 52. Rb3 Ke6 53. Kc3 Be8 54. Kb4 Kd7 55. Bd3 Kc7 56. Ra3 Bf7 57. Ra1 Bg6 58. Rd1 Bf7 59. Ra1 Bg6 60. Rh1 Kd7 61. Rb1 Kc7 62. Ra1 1/2-1/2

[Event "Denmark Team Championship 2022"]
[Site "Denmark"]
[Date "2022.10.29"]
[Round "1.1"]
[White "Matthiesen, Martin"]
[Black "Hansen, Sune Berg"]
[Result "0-1"]
[ECO "D41"]
[WhiteElo "2328"]
[BlackElo "2525"]
[Annotator "ChessBase"]
[PlyCount "80"]
[EventDate "2022.10.29"]
[EventType "team-tourn"]
[EventCountry "DEN"]
[SourceTitle "playchess.com"]
[Source "ChessBase"]
[SourceQuality "1"]
[TimeControl "40/5400+30:1800+30"]

1. d4 Nf6 2. c4 e6 3. Nf3 d5 4. Nc3 c5 5. cxd5 Nxd5 6. e4 Nxc3 7. bxc3 cxd4 8. cxd4 Bb4+ 9. Bd2 Bxd2+ 10. Qxd2 O-O 11. Bc4 Nd7 12. O-O b6 13. Rfe1 Bb7 14. Rad1 Rc8 15. Bd3 h6 16. h3 Re8 17. Qf4 Qf6 18. Qg3 a6 19. e5 Qe7 20. Nd2 b5 21. Ne4 Bxe4 22. Rxe4 Kh8 23. Bb1 Rc4 24. Qd3 Nf8 25. Bc2 Qc7 26. Bb3 Rc3 27. Qe2 Ng6 28. Re3 Rd8 29. a4 bxa4 30. Bxa4 Rc4 31. Bb3 Rcxd4 32. Re1 a5 33. Qa6 Rd2 34. Ba4 Nf4 35. Qc6 Qxc6 36. Bxc6 Rc8 37. Be4 g5 38. h4 Rc5 39. hxg5 hxg5 40. Bf3 Nd3 0-1

[Event "Denmark Team Championship 2022"]
[Site "Denmark"]
[Date "2022.10.29"]
[Round "1.2"]
[White "Schandorff, Lars"]
[Black "Ramsdal, Jens Albert"]
[Result "1-0"]
[ECO "A46"]
[WhiteElo "2476"]
[BlackElo "2318"]
[Annotator "ChessBase"]
[PlyCount "95"]
[EventDate "2022.10.29"]
[EventType "team-tourn"]
[EventCountry "DEN"]
[SourceTitle "playchess.com"]
[Source "ChessBase"]
[SourceQuality "1"]
[TimeControl "40/5400+30:1800+30"]

1. d4 Nf6 2. Nf3 e6 3. Bf4 b6 4. e3 Bb7 5. Nbd2 Be7 6. h3 O-O 7. Bd3 d5 8. c3 c5 9. O-O Ne4 10. Qc2 f5 11. Bh2 Nd7 12. Ne5 Nxe5 13. Bxe5 Nxd2 14. Qxd2 a5 15. Qe2 Qc8 16. Rac1 c4 17. Bc2 Bc6 18. f3 Bf6 19. Bxf6 Rxf6 20. e4 Qd7 21. exf5 exf5 22. Rce1 g6 23. Qd2 Re8 24. Re5 Rfe6 25. f4 b5 26. Kh2 Rb8 27. a3 b4 28. axb4 axb4 29. Ra1 bxc3 30. bxc3 Rxe5 31. fxe5 Qe7 32. Qf4 Ra8 33. Rxa8+ Bxa8 34. e6 Bb7 35. Qb8+ Kg7 36. Ba4 h5 37. Bd7 Ba6 38. Qe5+ Kh7 39. Qxd5 Qh4 40. Qf3 Kg7 41. Qe3 f4 42. Qe5+ Kh7 43. Bc6 Bc8 44. e7 Bxh3 45. Kg1 f3 46. e8=Q f2+ 47. Kf1 Bf5 48. Q8h8# 1-0

[Event "Denmark Team Championship 2022"]
[Site "Denmark"]
[Date "2022.10.29"]
[Round "1.2"]
[White "Jepson, Christian"]
[Black "Thybo, Jesper Sondergaard"]
[Result "0-1"]
[ECO "A04"]
[WhiteElo "2401"]
[BlackElo "2498"]
[Annotator "ChessBase"]
[PlyCount "106"]
[EventDate "2022.10.29"]
[EventType "team-tourn"]
[EventCountry "DEN"]
[SourceTitle "playchess.com"]
[Source "ChessBase"]
[SourceQuality "1"]
[TimeControl "40/5400+30:1800+30"]

1. Nf3 c5 2. c4 Nc6 3. b3 e5 4. Bb2 d6 5. g3 g5 6. d3 Bg7 7. Nc3 h6 8. Bg2 Nge7 9. a3 Be6 10. Nd2 f5 11. b4 cxb4 12. axb4 Nxb4 13. Ba3 Nbc6 14. Nb5 Nc8 15. e4 O-O 16. exf5 Bxf5 17. Ne4 Qa5+ 18. Qd2 Qxd2+ 19. Kxd2 Bg6 20. Rhb1 Rf7 21. Bxd6 Nd4 22. Bc5 b6 23. Bxd4 exd4 24. Rf1 Rb8 25. Ned6 Nxd6 26. Nxd6 Rd7 27. Bd5+ Kh7 28. Nb5 a5 29. f4 gxf4 30. gxf4 Bf5 31. Rae1 Rf8 32. Be6 Bxe6 33. Rxe6 Rf6 34. f5 Kg8 35. Rxf6 Bxf6 36. Re1 Bg5+ 37. Kc2 Be3 38. Rf1 Kf7 39. f6 Ke6 40. Kb3 Rf7 41. Ka4 h5 42. Rf3 Rxf6 43. Nc7+ Ke5 44. Rxf6 Kxf6 45. Kb5 Bf4 46. Nd5+ Kg5 47. h3 Bg3 48. Nxb6 Kh4 49. Kxa5 Kxh3 50. Nd5 h4 51. Nf6 Kg2 52. c5 h3 53. Ng4 Kf3 0-1

[Event "Denmark Team Championship 2022"]
[Site "Denmark"]
[Date "2022.10.29"]
[Round "1.2"]
[White "Haubro, Martin"]
[Black "Vinter-Schou, Uffe"]
[Result "1-0"]
[ECO "B42"]
[WhiteElo "2398"]
[BlackElo "2382"]
[Annotator "ChessBase"]
[PlyCount "107"]
[EventDate "2022.10.29"]
[EventType "team-tourn"]
[EventCountry "DEN"]
[SourceTitle "playchess.com"]
[Source "ChessBase"]
[SourceQuality "1"]
[TimeControl "40/5400+30:1800+30"]

1. e4 c5 2. Nf3 e6 3. d4 cxd4 4. Nxd4 a6 5. Bd3 g6 6. Nc3 Bg7 7. Be3 d6 8. Qd2 Nf6 9. f3 Nc6 10. O-O-O Qc7 11. Be2 d5 12. exd5 Nxd5 13. Nxd5 exd5 14. Nxc6 bxc6 15. Bd4 O-O 16. Bxg7 Kxg7 17. Qc3+ Kg8 18. Rxd5 Re8 19. Rd2 Bf5 20. g3 Qb6 21. Rhd1 h5 22. Bc4 Be6 23. b3 Qc5 24. Qd4 Qa3+ 25. Kb1 a5 26. Bxe6 Rxe6 27. Qc3 Rae8 28. Rd8 c5 29. Rxe8+ Rxe8 30. Rd5 Rc8 31. Rd7 c4 32. Qf6 Qf8 33. Qe7 cxb3 34. Qxf8+ Kxf8 35. axb3 Rc3 36. f4 h4 37. Rd3 Rc5 38. Kb2 Ke7 39. Rd4 Ke6 40. gxh4 Rh5 41. Ka3 Kf5 42. c4 Rxh4 43. Ka4 g5 44. Rd5+ Kxf4 45. Rd4+ Ke5 46. Rxh4 gxh4 47. Kxa5 f5 48. Kb4 Kd4 49. c5 Kd5 50. Kb5 f4 51. c6 Kd6 52. Kc4 Kxc6 53. h3 f3 54. Kd3 1-0

[Event "Denmark Team Championship 2022"]
[Site "Denmark"]
[Date "2022.10.29"]
[Round "1.2"]
[White "Domingo Nunez, Ruben"]
[Black "Bjerre, Jonas Buhl"]
[Result "0-1"]
[ECO "E46"]
[WhiteElo "2383"]
[BlackElo "2612"]
[Annotator "ChessBase"]
[PlyCount "62"]
[EventDate "2022.10.29"]
[EventType "team-tourn"]
[EventCountry "DEN"]
[SourceTitle "playchess.com"]
[Source "ChessBase"]
[SourceQuality "1"]
[TimeControl "40/5400+30:1800+30"]

1. d4 Nf6 2. c4 e6 3. Nc3 Bb4 4. e3 O-O 5. Bd2 c5 6. a3 Bxc3 7. Bxc3 Ne4 8. Ne2 b6 9. d5 Ba6 10. f3 Nxc3 11. Nxc3 Bxc4 12. dxe6 Bxe6 13. Qd6 Nc6 14. Bb5 Qg5 15. Kf2 Ne5 16. Rad1 c4 17. h4 Qf5 18. Nd5 Nd3+ 19. Rxd3 Qxd3 20. Rd1 Qc2+ 21. Kg3 Qg6+ 22. Kf2 Bxd5 23. Qxd5 Rac8 24. h5 Qf6 25. Rd4 c3 26. bxc3 Rxc3 27. Rf4 Rc2+ 28. Kg1 Rc1+ 29. Kh2 Rc5 30. Qxd7 Rxh5+ 31. Kg3 Qg5+ 0-1

[Event "Denmark Team Championship 2022"]
[Site "Denmark"]
[Date "2022.10.29"]
[Round "1.2"]
[White "Veng, Johnni"]
[Black "Castellanos Rodriguez, Renier"]
[Result "1/2-1/2"]
[ECO "A05"]
[WhiteElo "2214"]
[BlackElo "2474"]
[Annotator "ChessBase"]
[PlyCount "98"]
[EventDate "2022.10.29"]
[EventType "team-tourn"]
[EventCountry "DEN"]
[SourceTitle "playchess.com"]
[Source "ChessBase"]
[SourceQuality "1"]
[TimeControl "40/5400+30:1800+30"]

1. Nf3 Nf6 2. c4 g6 3. g3 Bg7 4. Bg2 O-O 5. O-O d6 6. d4 Nbd7 7. Qc2 e5 8. Rd1 exd4 9. Nxd4 Re8 10. Nc3 a6 11. h3 Rb8 12. b3 h6 13. Bb2 c6 14. e4 Qe7 15. Re1 a5 16. Rad1 Nc5 17. a3 Qf8 18. b4 axb4 19. axb4 Ne6 20. Nf3 Ng5 21. Nxg5 hxg5 22. Qd2 g4 23. h4 Nd7 24. Ne2 Ne5 25. Bxe5 dxe5 26. Qc3 Be6 27. Nc1 Red8 28. Nb3 b6 29. Bf1 Qe7 30. Be2 Bf8 31. Rxd8 Rxd8 32. c5 Bxb3 33. Qxb3 bxc5 34. bxc5 Qxc5 35. Bxg4 Rd2 36. Qf3 Qd4 37. h5 Bc5 38. Rf1 Rd3 39. Qg2 Kg7 40. hxg6 fxg6 41. Be2 Ra3 42. Rd1 Ra1 43. Qf3 Bb6 44. Rxa1 Qxa1+ 45. Kg2 Qd4 46. Ba6 Qd6 47. Bc4 Qf6 48. Qxf6+ Kxf6 49. f4 Bc7 1/2-1/2

[Event "Denmark Team Championship 2022"]
[Site "Denmark"]
[Date "2022.10.29"]
[Round "1.3"]
[White "Andersen, Mads"]
[Black "Christensen, Stefan"]
[Result "1-0"]
[ECO "B11"]
[WhiteElo "2604"]
[BlackElo "2293"]
[Annotator "ChessBase"]
[PlyCount "77"]
[EventDate "2022.10.29"]
[EventType "team-tourn"]
[EventCountry "DEN"]
[SourceTitle "playchess.com"]
[Source "ChessBase"]
[SourceQuality "1"]
[TimeControl "40/5400+30:1800+30"]

1. e4 c6 2. Nf3 d5 3. Nc3 Bg4 4. h3 Bxf3 5. Qxf3 e6 6. Be2 Nf6 7. O-O Nbd7 8. d4 dxe4 9. Nxe4 Nxe4 10. Qxe4 Nf6 11. Qe3 Bd6 12. a4 O-O 13. a5 Re8 14. Qf3 Qc7 15. Rd1 e5 16. dxe5 Bxe5 17. c3 Rad8 18. Rxd8 Rxd8 19. g3 Nd7 20. Be3 b6 21. axb6 axb6 22. Kg2 Bd6 23. h4 Re8 24. h5 h6 25. Bd1 Ne5 26. Qe4 Rf8 27. Bb3 Kh8 28. Qf5 Qc8 29. Qxc8 Rxc8 30. f4 Ng4 31. Bg1 Rf8 32. Ra6 Bc5 33. Bxc5 bxc5 34. Rxc6 Kg8 35. Rc7 Rb8 36. Bxf7+ Kf8 37. b3 Ne3+ 38. Kf3 Nd1 39. Bc4 1-0

[Event "Denmark Team Championship 2022"]
[Site "Denmark"]
[Date "2022.10.29"]
[Round "1.3"]
[White "Rozentalis, Eduardas"]
[Black "Brynell, Stellan"]
[Result "1-0"]
[ECO "C07"]
[WhiteElo "2500"]
[BlackElo "2383"]
[Annotator "ChessBase"]
[PlyCount "137"]
[EventDate "2022.10.29"]
[EventType "team-tourn"]
[EventCountry "DEN"]
[SourceTitle "playchess.com"]
[Source "ChessBase"]
[SourceQuality "1"]
[TimeControl "40/5400+30:1800+30"]

1. e4 e6 2. d4 d5 3. Nd2 c5 4. Ngf3 cxd4 5. exd5 Qxd5 6. Bc4 Qd7 7. Nb3 Qc7 8. Qxd4 Nc6 9. Qh4 Be7 10. Bg5 Ne5 11. Bb5+ Bd7 12. Bxd7+ Nxd7 13. O-O-O Bxg5+ 14. Nxg5 Ngf6 15. Qb4 h6 16. Nf3 Rc8 17. c3 Qb6 18. Qa4 O-O 19. Rxd7 Nxd7 20. Qxd7 Rfd8 21. Qa4 Qxf2 22. Qe4 Rd5 23. g4 Rcd8 24. Re1 R8d6 25. h4 Ra6 26. a3 Rb6 27. Nbd2 a5 28. Re2 Qg3 29. g5 hxg5 30. hxg5 Rbd6 31. a4 Rc6 32. Kc2 Rdc5 33. Rh2 Rf5 34. Qh4 Qxh4 35. Rxh4 Rd6 36. Rc4 Rd7 37. g6 fxg6 38. Rc8+ Rf8 39. Rc5 Rf5 40. Rc8+ Rf8 41. Rc4 Rd5 42. Rg4 Rf6 43. Ng5 Rf2 44. Nge4 Re2 45. Rxg6 Kh7 46. Rg4 Kh6 47. Rh4+ Kg6 48. Rh8 Rg2 49. c4 Rd7 50. Kc3 Kf5 51. Rf8+ Ke5 52. Ng5 Kd6 53. Nde4+ Ke5 54. Nc5 Rxg5 55. Nxd7+ Kd6 56. Rf7 Rg3+ 57. Kc2 Rg2+ 58. Kb3 Rg3+ 59. Ka2 g5 60. c5+ Kd5 61. Nf6+ Ke5 62. Ne8 Rg4 63. Rxb7 Rxa4+ 64. Kb3 Rd4 65. c6 a4+ 66. Kc3 Rd1 67. c7 g4 68. Kc2 g3 69. c8=Q 1-0

[Event "Denmark Team Championship 2022"]
[Site "Denmark"]
[Date "2022.10.29"]
[Round "1.3"]
[White "Aagaard, Jacob"]
[Black "Sloth, Jorn"]
[Result "0-1"]
[ECO "B00"]
[WhiteElo "2455"]
[BlackElo "2296"]
[Annotator "ChessBase"]
[PlyCount "80"]
[EventDate "2022.10.29"]
[EventType "team-tourn"]
[EventCountry "DEN"]
[SourceTitle "playchess.com"]
[Source "ChessBase"]
[SourceQuality "1"]
[TimeControl "40/5400+30:1800+30"]

1. e4 Nc6 2. d4 d5 3. e5 Bf5 4. c3 Qd7 5. Nd2 f6 6. f4 Nh6 7. Be2 e6 8. g4 Bg6 9. h4 fxe5 10. fxe5 Be7 11. h5 Be4 12. Nxe4 dxe4 13. Be3 Nf7 14. Qc2 Qd5 15. Nh3 Bh4+ 16. Kf1 O-O 17. Nf4 Nfxe5 18. Rxh4 g5 19. hxg6 Nxg6 20. Kg1 Nxf4 21. Bf3 Nh3+ 22. Rxh3 Rxf3 23. Rxf3 exf3 24. Kf2 Rf8 25. Rh1 Rf7 26. a3 e5 27. c4 Nxd4 28. Qd3 Qe6 29. Qe4 Qg6 30. Qxg6+ hxg6 31. Bg5 e4 32. Ke3 Ne6 33. Bh6 Rh7 34. Kxe4 f2 35. Ke5 Rxh6 36. Rf1 g5 37. Rxf2 Kg7 38. Rd2 Kf8 39. b4 Ke7 40. c5 Rh3 0-1

[Event "Denmark Team Championship 2022"]
[Site "Denmark"]
[Date "2022.10.29"]
[Round "1.3"]
[White "Skytte, Rasmus"]
[Black "Liu, Casper"]
[Result "1-0"]
[ECO "B50"]
[WhiteElo "2354"]
[BlackElo "2317"]
[Annotator "ChessBase"]
[PlyCount "57"]
[EventDate "2022.10.29"]
[EventType "team-tourn"]
[EventCountry "DEN"]
[SourceTitle "playchess.com"]
[Source "ChessBase"]
[SourceQuality "1"]
[TimeControl "40/5400+30:1800+30"]

1. e4 c5 2. Nf3 d6 3. c3 Nf6 4. Be2 g6 5. O-O Bg7 6. d3 O-O 7. Nbd2 Nc6 8. Re1 b5 9. d4 Rb8 10. a4 b4 11. Bb5 bxc3 12. bxc3 Na5 13. Ba3 Bd7 14. dxc5 dxc5 15. Bxc5 Bxb5 16. axb5 Rxb5 17. Bxa7 Nc6 18. Bd4 e5 19. Be3 Qc7 20. h3 Rfb8 21. Qa4 Ne8 22. Nc4 Nb4 23. Nfxe5 Bxe5 24. Nxe5 Qxe5 25. cxb4 Rxb4 26. Qa3 Rxe4 27. f3 Reb4 28. Ba7 Qg3 29. Rxe8+ 1-0

[Event "Denmark Team Championship 2022"]
[Site "Denmark"]
[Date "2022.10.29"]
[Round "1.3"]
[White "Matthiesen, Arne"]
[Black "Percivaldi, Martin"]
[Result "0-1"]
[ECO "A13"]
[WhiteElo "2314"]
[BlackElo "2400"]
[Annotator "ChessBase"]
[PlyCount "84"]
[EventDate "2022.10.29"]
[EventType "team-tourn"]
[EventCountry "DEN"]
[SourceTitle "playchess.com"]
[Source "ChessBase"]
[SourceQuality "1"]
[TimeControl "40/5400+30:1800+30"]

1. c4 e6 2. Nf3 d5 3. g3 dxc4 4. Qa4+ Bd7 5. Qxc4 c5 6. Bg2 Bc6 7. O-O Nf6 8. b3 Be7 9. Bb2 O-O 10. d3 Nbd7 11. Nbd2 b5 12. Qc2 Rc8 13. e4 Qb6 14. a4 a6 15. Bc3 Qb8 16. Rfe1 Rfd8 17. Qb1 Ng4 18. axb5 axb5 19. h3 Nge5 20. Re3 Bf6 21. d4 Nxf3+ 22. Nxf3 Bb7 23. b4 cxd4 24. Bxd4 Rc4 25. Qb2 Rxd4 26. Nxd4 Ne5 27. Qe2 Rxd4 28. Qxb5 Rd8 29. Rc1 g5 30. Rc5 h6 31. Bf1 Nd7 32. Rc1 Bd4 33. Re2 Qxg3+ 34. Bg2 Qb8 35. h4 e5 36. Bh3 Nf6 37. hxg5 hxg5 38. Bf5 Nh5 39. Kh2 Nf4 40. Rg1 Qd6 41. Ra2 Qh6+ 42. Kg3 Bxe4 0-1

[Event "Denmark Team Championship 2022"]
[Site "Denmark"]
[Date "2022.10.29"]
[Round "1.4"]
[White "Borge, Nikolaj"]
[Black "Hansen, Lars Bo"]
[Result "1-0"]
[ECO "C02"]
[WhiteElo "2388"]
[BlackElo "2560"]
[Annotator "ChessBase"]
[PlyCount "69"]
[EventDate "2022.10.29"]
[EventType "team-tourn"]
[EventCountry "DEN"]
[SourceTitle "playchess.com"]
[Source "ChessBase"]
[SourceQuality "1"]
[TimeControl "40/5400+30:1800+30"]

1. e4 e6 2. d4 d5 3. e5 c5 4. c3 Qb6 5. Nf3 Nc6 6. Bd3 cxd4 7. O-O Bd7 8. Re1 Nge7 9. h4 Rc8 10. a3 a6 11. h5 h6 12. b4 dxc3 13. Nxc3 Nxb4 14. Na4 Bxa4 15. Qxa4+ Nbc6 16. Be3 Qc7 17. Rab1 Qd7 18. Bc2 Nf5 19. Bb6 Be7 20. Qb3 Bd8 21. Bxf5 exf5 22. Bc5 Be7 23. Bxe7 Qxe7 24. Qxb7 Qxb7 25. Rxb7 O-O 26. Rb6 a5 27. Ra6 Rfd8 28. Nh4 Nd4 29. Rxa5 Ra8 30. Rxa8 Rxa8 31. Rd1 Ra4 32. g3 Kf8 33. Kg2 Ke7 34. Rxd4 Rxa3 35. Rxd5 1-0

[Event "Denmark Team Championship 2022"]
[Site "Denmark"]
[Date "2022.10.29"]
[Round "1.4"]
[White "Rostgaard, Tobias Valentin"]
[Black "Sorensen, Jan"]
[Result "1/2-1/2"]
[ECO "C04"]
[WhiteElo "2323"]
[BlackElo "2370"]
[Annotator "ChessBase"]
[PlyCount "194"]
[EventDate "2022.10.29"]
[EventType "team-tourn"]
[EventCountry "DEN"]
[SourceTitle "playchess.com"]
[Source "ChessBase"]
[SourceQuality "1"]
[TimeControl "40/5400+30:1800+30"]

1. e4 e6 2. d4 d5 3. Nd2 Nc6 4. Ngf3 Nf6 5. e5 Nd7 6. c3 f6 7. Bb5 fxe5 8. dxe5 a6 9. Bxc6 bxc6 10. Nb3 a5 11. Bg5 Be7 12. Nbd4 Nb8 13. h4 a4 14. Bxe7 Qxe7 15. Ng5 c5 16. Ne2 h6 17. Nf4 O-O 18. Ng6 Qe8 19. Nxf8 Qxf8 20. Nf3 a3 21. bxa3 Ba6 22. Qa4 Qc8 23. Rd1 c6 24. Qg4 Qe8 25. Rh3 Nd7 26. Rg3 Qf7 27. Qg6 Qxg6 28. Rxg6 Kf7 29. Rg4 Bb5 30. c4 Ba4 31. Rb1 Ra7 32. Rb2 dxc4 33. Rxc4 Bb5 34. Rf4+ Ke7 35. Rb3 c4 36. Re3 Nc5 37. Rg4 Kf7 38. Rc3 Na4 39. Rcxc4 Bxc4 40. Rxc4 c5 41. Kd2 Ra5 42. Rf4+ Ke8 43. Rg4 Kf7 44. Ne1 Nb6 45. Nc2 Rb5 46. Kc1 Ra5 47. h5 Nd5 48. Rc4 g6 49. hxg6+ Kxg6 50. Rh4 Nc3 51. Rh3 Nd5 52. Rf3 Ra4 53. Ne3 Nf4 54. Kd2 Kg7 55. g3 Ng6 56. Rf6 Nxe5 57. Rxe6 Nf3+ 58. Kc3 Rxa3+ 59. Kb2 Rd3 60. Nc4 Rd4 61. Kc3 Ng5 62. Re2 Ne4+ 63. Kb3 Kf6 64. a4 Rd3+ 65. Kb2 Nc3 66. Kc2 Rf3 67. Re8 Kf7 68. Nd6+ Kg7 69. a5 Nd5 70. Ne4 Ra3 71. Ra8 c4 72. Ra7+ Kg6 73. f4 Nb4+ 74. Kb1 Rb3+ 75. Kc1 Re3 76. Re7 Ra3 77. Re6+ Kg7 78. Kb2 Rb3+ 79. Kc1 Ra3 80. Re7+ Kg6 81. Rc7 Rxa5 82. Rxc4 Nd5 83. Kd2 Ra3 84. Rd4 Ne3 85. Ke2 Nf5 86. Rd3 Ra4 87. Kf3 Nd4+ 88. Kg4 h5+ 89. Kh3 Ne6 90. Re3 Rd4 91. Kg2 h4 92. Kf3 hxg3 93. Kxg3 Kf5 94. Ng5 Nxf4 95. Nf3 Nh5+ 96. Kf2 Re4 97. Rxe4 Kxe4 1/2-1/2

[Event "Denmark Team Championship 2022"]
[Site "Denmark"]
[Date "2022.10.29"]
[Round "1.4"]
[White "Sylvan, Jacob"]
[Black "Chatalbashev, Boris"]
[Result "1/2-1/2"]
[ECO "B09"]
[WhiteElo "2310"]
[BlackElo "2488"]
[Annotator "ChessBase"]
[PlyCount "53"]
[EventDate "2022.10.29"]
[EventType "team-tourn"]
[EventCountry "DEN"]
[SourceTitle "playchess.com"]
[Source "ChessBase"]
[SourceQuality "1"]
[TimeControl "40/5400+30:1800+30"]

1. e4 g6 2. d4 Bg7 3. Nc3 d6 4. f4 Nf6 5. Nf3 O-O 6. Bd3 Nc6 7. O-O e5 8. fxe5 dxe5 9. d5 Ne7 10. Qe1 Ne8 11. Qh4 f6 12. Ne2 Nd6 13. c4 b6 14. b4 Ba6 15. b5 Bc8 16. a4 Bd7 17. a5 Nb7 18. axb6 axb6 19. Be3 Rxa1 20. Rxa1 Nc8 21. Nc3 Qe7 22. Bc1 Qb4 23. Qe1 Ncd6 24. Ra4 Qb3 25. Ra3 Qb4 26. Ra4 Qb3 27. Ra3 1/2-1/2

[Event "Denmark Team Championship 2022"]
[Site "Denmark"]
[Date "2022.10.29"]
[Round "1.4"]
[White "Christensen, Jan Schleicher"]
[Black "Vasli, Aref"]
[Result "0-1"]
[ECO "A46"]
[WhiteElo "2167"]
[BlackElo "2374"]
[Annotator "ChessBase"]
[PlyCount "66"]
[EventDate "2022.10.29"]
[EventType "team-tourn"]
[EventCountry "DEN"]
[SourceTitle "playchess.com"]
[Source "ChessBase"]
[SourceQuality "1"]
[TimeControl "40/5400+30:1800+30"]

1. d4 Nf6 2. Nf3 e6 3. g3 c5 4. Bg2 Nc6 5. O-O d5 6. c4 dxc4 7. Ne5 Bd7 8. Nxc4 cxd4 9. Qb3 Be7 10. Bf4 Bc8 11. Rd1 Nd5 12. Nbd2 g5 13. e4 Nb6 14. Be5 f6 15. Bxf6 Bxf6 16. e5 Nxe5 17. Nxe5 Bxe5 18. Qb5+ Nd7 19. Nf3 Bf6 20. Nxd4 Bxd4 21. Rxd4 Qb6 22. Qd3 O-O 23. Qd2 Qc5 24. b4 Qf5 25. Re1 Kh8 26. f4 g4 27. Rd6 Nb6 28. Re5 Qf6 29. Bf1 Bd7 30. Rxd7 Nxd7 31. Qxd7 Rad8 32. Qxb7 Rd1 33. Qxa7 Rxf1+ 0-1

[Event "Denmark Team Championship 2022"]
[Site "Denmark"]
[Date "2022.10.29"]
[Round "1.5"]
[White "Olsen, Filip Boe"]
[Black "Hansen, Soren Bech"]
[Result "1-0"]
[ECO "A80"]
[WhiteElo "2433"]
[BlackElo "2275"]
[Annotator "ChessBase"]
[PlyCount "67"]
[EventDate "2022.10.29"]
[EventType "team-tourn"]
[EventCountry "DEN"]
[SourceTitle "playchess.com"]
[Source "ChessBase"]
[SourceQuality "1"]
[TimeControl "40/5400+30:1800+30"]

1. d4 f5 2. Nf3 Nf6 3. g3 g6 4. Bg2 Bg7 5. O-O O-O 6. b3 d6 7. Bb2 c6 8. c4 Qe8 9. Re1 h6 10. Nc3 Ne4 11. Qd3 Nxc3 12. Bxc3 e5 13. e4 fxe4 14. Qxe4 Bf5 15. Qe3 e4 16. Nd2 d5 17. f3 Qd7 18. fxe4 dxe4 19. Nxe4 Na6 20. Nf2 Rad8 21. d5 c5 22. a3 b6 23. Qd2 Nc7 24. g4 Bxc3 25. Qxc3 Bxg4 26. d6 Rxf2 27. Re7 Rxg2+ 28. Kxg2 Qc6+ 29. Kg1 Ne8 30. Rf1 Bf5 31. Rxf5 gxf5 32. Qg3+ Kf8 33. Qg6 Nxd6 34. Qg7# 1-0